[Event "*** Titled Tuesday Blitz"]
[Site "Chess.com"]
[Date "2020.02.04"]
[Round "4"]
[White "Bryakin_Mikhail"]
[Black "Volodar_Murzin"]
[Result "0-1"]
[WhiteElo "2724"]
[BlackElo "2578"]
[TimeControl "180+2"]
[EndTime "9:52:46 PST"]
[Termination "Volodar_Murzin won by resignation"]

1. d4 d5 2. Nf3 Nf6 3. c4 c6 4. g3 Bg4 5. Ne5 Bf5 6. cxd5 cxd5 7. Qb3 Nc6 8. Nc3 Qb6 9. e3 e6 10. Bb5 Bd6 11. Bxc6+ bxc6 12. Qxb6 axb6 13. Nxc6 Kd7 14. Ne5+ Bxe5 15. dxe5 Ne4 16. Bd2 Nc5 17. Ke2 Nd3 18. g4 Bg6 19. f4 Nxb2 20. f5 exf5 21. Nxd5 Na4 22. Bb4 Rhc8 23. Rhd1 Ke8 24. Bd6 Rc2+ 25.
Kf3 fxg4+ 26. Kxg4 Rac8 27. Nf4 Nc3 28. Rd4 Rxh2 29. Rc1 Rc2 30. Rxc2 Bxc2 31. a3 b5 32. Rd2 Ne4 33. Rh2 Nxd6 34. exd6 Kd7 35. Rd2 Rc4 36.
Kf3 Be4+ 37. Kg3 g6 38. Nh3 f6 39. Nf2 Bc6 40. Ng4 Ke6 41. Rd3 h5 42. Nf2 g5 43. e4 h4+ 44. Kh3 Bd7 45. Kg2 Ra4 46. Ng4 Kf7 47. Kf3 Bxg4+ 48. Kxg4 Rxe4+ 49. Kh5 Ke8 50. Kg6 Re6 51. Kf5 Kd7 52. Rd5 Re5+ 53. Rxe5 fxe5 0-1

[Event "*** Titled Tuesday Blitz"]
[Site "Chess.com"]
[Date "2020.02.04"]
[Round "4"]
[White "arminmusovic"]
[Black "RaunakSadhwani2005"]
[Result "0-1"]
[WhiteElo "2557"]
[BlackElo "2738"]
[TimeControl "180+2"]
[EndTime "9:52:47 PST"]
[Termination "RaunakSadhwani2005 won by resignation"]

1. a3 g6 2. Nc3 Bg7 3. d4 c5 4. dxc5 Na6 5. Qd5 Qa5 6. Bd2 Nf6 7. Qc4 Qxc5 8. Qxc5 Nxc5 9. f3 d5 10. O-O-O Bd7 11. Be3 Rc8 12. Nxd5 Nxd5 13. Rxd5 Nb3+ 14. Kb1 Bf5 15. Rxf5 gxf5 16. cxb3 O-O 17. Bc1 Rfd8 18. e3 Rd1 19. Ne2 Re1 20. g3 e6 21. Rg1 a5 22. a4 h5 23. Rh1 Kf8 24. Rg1 Bf6 25.
Rh1 Ke7 26. Rg1 Kd6 27. Rh1 Ke7 28. Rg1 Be5 29. Rh1 Kf8 30. Rg1 Kg7 31. Rh1 Kh7 32. Rg1 b6 33. Rh1 Kg8 34. Rg1 Rd8 35. Kc2 Rdd1 36. f4 Bf6 37. Bd2 Rxf1 38. Rxf1 Rxf1 39. Nd4 Bxd4 40. exd4 Rf2 41. Kd3 Rxh2 42. b4 axb4 43. b3 Rg2 44. Bxb4 Rxg3+ 45. Kc4 h4 46. Bc5 h3 47. Bxb6 h2 48. a5 h1=Q 49. b4 Qc6+ 50. Bc5 Rg1 51. Kc3 Rc1+ 52. Kb2 Rc4 53. Kb3 Qb5 54.
Ka3 f6 55. Kb3 e5 56. fxe5 fxe5 57. dxe5 Rxc5 58. a6 0-1

[Event "*** Titled Tuesday Blitz"]
[Site "Chess.com"]
[Date "2020.02.04"]
[Round "4"]
[White "kesarev"]
[Black "kinga2008"]
[Result "1-0"]
[WhiteElo "2452"]
[BlackElo "1942"]
[TimeControl "180+2"]
[EndTime "9:52:48 PST"]
[Termination "kesarev won by checkmate"]

1. Nf3 d5 2. c4 dxc4 3. Na3 e6 4. Nxc4 Nc6 5. g3 g6 6. h4 Bg7 7. h5 Nf6 8. h6 Bf8 9. d3 b5 10. Ne3 Bb7 11. Bg2 Nd5 12. Qb3 Nxe3 13. Bxe3 Bb4+ 14.
Kf1 a6 15. Rc1 Qd5 16. Ng5 Qxb3 17. axb3 Kd7 18. Nxf7 Bd6 19. Nxh8 Rxh8 20. Bc5 Rf8 21. Bxd6 cxd6 22. e3 d5 23. Ke2 Ne5 24. Rc2 a5 25. f4 Nc6 26. Rhc1 Kd6 27. d4 Rc8 28. g4 b4 29. Kd2 Rf8 30. g5 Rc8 31. Bf1 Rb8 32. Bb5 Rc8 33. Rc5 Rc7 34. Bxc6 Rxc6 35. Rxa5 Rb6 36. Rcc5 Bc6 37. Ra7 Bb7 38. Ke2 Kd7 39.
Ra1 Kd6 40. Kd2 Ba6 41. Rca5 Bb7 42. Ra7 Kc7 43. Rc1+ Kd6 44. Rc5 Kd7 45. e4 dxe4 46.
Ke3 Kd6 47. Rc4 Kd5 48. Ra5+ Kd6 49. Rac5 Bd5 50. Rc1 Ra6 51. Rc7 Ra2 52. Rxh7 Rxb2 53. Rcc7 Rxb3+ 54. Kd2 e3+ 55. Kc2 e2 56. Rhd7# 1-0

[Event "*** Titled Tuesday Blitz"]
[Site "Chess.com"]
[Date "2020.02.04"]
[Round "4"]
[White "Harry_Rakkel"]
[Black "Zarikovs1999"]
[Result "1-0"]
[WhiteElo "2536"]
[BlackElo "2349"]
[TimeControl "180+2"]
[EndTime "9:52:49 PST"]
[Termination "Harry_Rakkel won by resignation"]

1. d4 Nf6 2. c4 c5 3. d5 b5 4.
Qc2 bxc4 5. e4 d6 6. Bxc4 g6 7. Nf3 Nbd7 8. O-O Bg7 9. Re1 O-O 10. Nc3 Rb8 11. h3 Qa5 12. Bd2 Ba6 13. Na4 Rb4 14. Bxb4 cxb4 15. Bxa6 Qxa6 16. Qc6 Nb6 17. Nxb6 axb6 18.
Qc2 Rc8 19. Qb3 Nd7 20. Qxb4 Rc2 21. Nd4 Rc4 22. Qb5 Qxb5 23. Nxb5 Bxb2 24. Rab1 Bf6 25. Re2 Kg7 26. Na7 Ne5 27. Rxb6 Nd3 28. Rc6 Ra4 29. Nb5 Nf4 30. Re3 Rxa2 31. h4 Nh5 32. g3 Be5 33. Nc7 Nf6 34. Rc4 Ng4 35. Rf3 h5 36.
Ne8+ Kh6 37. Rxf7 Ra1+ 38. Kg2 Ra2 39. Rc7 Ne3+ 40. Kf3 Nd1 41. Kg2 Ne3+ 42. Kh3 Nd1 43.
Rcxe7 Nxf2+ 44. Kg2 Ng4+ 45. Kf1 Ne3+ 46. Kg1 Ra1+ 47.
Kf2 Ng4+ 48. Ke2 Ra2+ 49. Kd3 Nf2+ 50. Kc4 Rc2+ 51. Kb3 Rc3+ 52. Ka4 g5 53. Re6+ 1-0

[Event "*** Titled Tuesday Blitz"]
[Site "Chess.com"]
[Date "2020.02.04"]
[Round "4"]
[White "rpragchess"]
[Black "RoelandPruijssers"]
[Result "0-1"]
[WhiteElo "2805"]
[BlackElo "2612"]
[TimeControl "180+2"]
[EndTime "9:52:56 PST"]
[Termination "RoelandPruijssers won by checkmate"]

1. Nf3 f5 2. d3 Nc6 3. d4 e6 4. g3 Nf6 5. Bg2 d6 6. c4 e5 7.
Nc3 e4 8. Ng5 Be7 9. Nh3 O-O 10.
Nf4 Qe8 11. O-O Bd8 12. f3 Bd7 13. Ncd5 exf3 14. exf3 Qf7 15. Be3 Re8 16. Bf2 h6 17. b4 g5 18. Nxf6+ Qxf6 19. Nd5 Qg7 20. f4 g4 21. b5 Na5 22. Ne3 c6 23. Qd3 Qf7 24. Rfe1 Rc8 25. bxc6 bxc6 26. Rab1 Bb6 27. c5 dxc5 28.
dxc5 Bxc5 29. Nxg4 Bxf2+ 30. Nxf2 Be6 31. Qc3 Nc4 32.
Nd3 Bd5 33. Ne5 Nxe5 34. fxe5 Bxg2 35. Kxg2 Qxa2+ 36. Rb2 Qd5+ 37. Kh3 c5 38. Rd2 Qf7 39. Rd6 Re6 40. Red1 Rce8 41. Rxe6 Rxe6 42. Rd8+ Kh7 43.
Qd2 Rxe5 44. Kg2 Qb7+ 45. Kf2 Qe4 46. Rd6 Re6 47. Rd7+ Re7 48. Rd6 Re6 49. Rd7+ Kg6 50.
Rd8 Qh1 51. Rg8+ Kh5 52. g4+ fxg4 53. Kg3 Qf3# 0-1

[Event "*** Titled Tuesday Blitz"]
[Site "Chess.com"]
[Date "2020.02.04"]
[Round "4"]
[White "manmanlai1"]
[Black "M1711"]
[Result "0-1"]
[WhiteElo "2283"]
[BlackElo "2522"]
[TimeControl "180+2"]
[EndTime "9:52:56 PST"]
[Termination "M1711 won by resignation"]

1. d4 a6 2. e4 h6 3. c3 e6 4. Bd3 d6 5. Qe2 Nc6 6. Nf3 Bd7 7. Nbd2 e5 8. a4 g5 9. h3 Bg7 10. d5 Nce7 11. Nh2 Ng6 12. Ng4 Nf4 13. Qf1 Nf6 14.
Ne3 Qe7 15. Bc2 h5 16. g3 Ng6 17. a5 h4 18. g4 Nf4 19. Ba4 c6 20. c4 Rc8 21. f3 O-O 22. Kf2 cxd5 23. Bxd7 Qxd7 24. cxd5 Rc7 25. Kg1 Rfc8 26. Kh2 Bf8 27. Ndc4 Qb5 28. Nd2 Nd3 29. Nec4 Rxc4 30. Nxc4 Qxc4 31. Bxg5 Nh7 32. Bxh4 Qc2+ 33. Qg2 Qxg2+ 34. Kxg2 Rc2+ 35. Kg3 Bh6 36. g5 Nxg5 37. Bxg5 Bxg5 38. Rhd1 Bf4+ 39. Kh4 Nc5 40. b4 Nb3 41. Rg1+ Kf8 42. Raf1 Nd4 43. Kg4 Be3 44. Rg3 Bf4 45. Rgg1 Be3 46. Rg3 Ke7 47. h4 Rc8 48. h5 Ne2 49. Rh3 Rg8+ 50. Kh4 Bg5+ 51.
Kg4 Bf6+ 0-1

[Event "*** Titled Tuesday Blitz"]
[Site "Chess.com"]
[Date "2020.02.04"]
[Round "4"]
[White "przemekpiotrowski"]
[Black "Sergey85Rodchenkov"]
[Result "0-1"]
[WhiteElo "2371"]
[BlackElo "2549"]
[TimeControl "180+2"]
[EndTime "9:52:57 PST"]
[Termination "Sergey85Rodchenkov won by resignation"]

1. d4 d5 2. Nf3 Nf6 3. g3 c6 4. Bg2 Bg4 5. h3 Bh5 6. O-O Nbd7 7. c4 e6 8. Nc3 Be7 9. b3 O-O 10. Bb2 Qb8 11. Rc1 b5 12. c5 b4 13. Nb1 Ne4 14.
Nfd2 f5 15. g4 Bg6 16. f4 fxg4 17. hxg4 Rxf4 18. e3 Rxf1+ 19. Qxf1 Qg3 20. Qf4 Bg5 21. Qxg3 Nxg3 22. Kf2 Bh4 23. Nf3 Ne4+ 24. Ke2 Be7 25. Nbd2 Rf8 26. g5 Nxg5 27. Nxg5 Bxg5 28. Nf3 Bf6 29.
Bh3 Bf5 30. Rh1 a5 31. Bxf5 exf5 32. Ne5 Bxe5 33. dxe5 Re8 34. a3 bxa3 35. Bxa3 Nxe5 36. Bb2 Ng4 37. Kf3 Rb8 38. Ra1 Rxb3 39. Bd4 g5 40. Rxa5 Nxe3 41. Ra8+ Kf7 42. Ra7+ Kg6 43. Bxe3 f4 44.
Rc7 Rxe3+ 45. Kg2 Rc3 46. Rxc6+ Kf5 47. Rc7 h5 48. c6 Kg4 49. Rc8 h4 50. Rd8 h3+ 51.
Kf1 Rc1+ 52. Kf2 Rc2+ 53. Kf1 h2 54. Rh8 Kg3 55. Rh5 g4 56. Rh6 Rxc6 0-1

[Event "*** Titled Tuesday Blitz"]
[Site "Chess.com"]
[Date "2020.02.04"]
[Round "4"]
[White "Rap_woyska"]
[Black "FedaMaster"]
[Result "1/2-1/2"]
[WhiteElo "2405"]
[BlackElo "2588"]
[TimeControl "180+2"]
[EndTime "9:52:59 PST"]
[Termination "Game drawn by repetition"]

1. c4 c5 2. Nf3 Nc6 3. Nc3 Nf6 4. e3 e5 5. d4 cxd4 6. exd4 e4 7. Ne5 Bb4 8. Be2 Qa5 9. Nxc6 bxc6 10. O-O Bxc3 11.
bxc3 d5 12. cxd5 cxd5 13. Qd2 O-O 14. c4 Qxd2 15. Bxd2 Ba6 16. Rfc1 Rfc8 17. Rc2 Bxc4 18. Rac1 Kf8 19. Bxc4 Rxc4 20. Rxc4 dxc4 21. Rxc4 Rb8 22. Kf1 Rb2 23. Bb4+ Ke8 24. a3 Ng4 25. h3 Nxf2 26.
Rc7 f5 27. Rxg7 Nd3 28. Rg5 f4 29. Rg8+ Kd7 30. Rg7+ Ke6 31. Rxh7 e3 32. Re7+ Kd5 33. h4 Kxd4 34. h5 Rb1+ 35. Ke2 Rb2+ 36. Kf1 Rb1+ 37.
Ke2 Nxb4 38. axb4 Rb2+ 39. Kf1 Rf2+ 40. Kg1 Rb2 41. h6 Rxb4 42. h7 Rb8 43. Rxa7 Kd3 44.
Rd7+ Ke2 45. Rg7 Rh8 46. Rd7 Ke1 47. Re7 e2 48. Rd7 Rb8 49. Rd6 Rh8 50. Rd7 Rf8 51.
Rd6 Re8 52. Rd7 Rc8 53. Rd6 Rh8 54. Rd7 1/2-1/2

[Event "*** Titled Tuesday Blitz"]
[Site "Chess.com"]
[Date "2020.02.04"]
[Round "4"]
[White "Chimpinha"]
[Black "tarantul1"]
[Result "0-1"]
[WhiteElo "2447"]
[BlackElo "2612"]
[TimeControl "180+2"]
[EndTime "9:53:00 PST"]
[Termination "tarantul1 won by resignation"]

1. d4 Nf6 2. c4 e6 3. Nc3 Bb4 4. Nf3 O-O 5. Bg5 h6 6. Bh4 c5 7. e3 cxd4 8. exd4 d5 9. cxd5 Qxd5 10. Be2 Nc6 11. Bxf6 gxf6 12. O-O Qa5 13. Qd3 Rd8 14. Rfd1 Ne7 15. a3 Bxc3 16. bxc3 b6 17. Qe4 Qd5 18. Qf4 Kg7 19. c4 Qd7 20. Bd3 Bb7 21. Be4 Rac8 22.
Bxb7 Qxb7 23. Rac1 Ng6 24. Qe3 Qa6 25. d5 exd5 26. cxd5 Rxc1 27. Qxc1 Qe2 28. Qd2 Qxd2 29. Rxd2 Rd6 30. Kf1 f5 31. g3 Kf6 32. Ke2 Ne7 33. Nd4 Rxd5 34. Ke3 Rc5 35. Rd3 Rc4 36. Nb5 Re4+ 37.
Kf3 Ra4 38. Rd6+ Ke5 39. Rd7 Nc6 40. Rc7 Nd4+ 41. Nxd4 Rxa3+ 42. Kg2 Kxd4 43. Rxf7 b5 44. Rxf5 b4 45. Rb5 b3 46. h4 Kc3 47. g4 b2 48.
Rc5+ Kb4 49. Rc8 Rb3 50. g5 0-1

[Event "*** Titled Tuesday Blitz"]
[Site "Chess.com"]
[Date "2020.02.04"]
[Round "4"]
[White "Blitzstream"]
[Black "MasterKroket"]
[Result "1/2-1/2"]
[WhiteElo "2785"]
[BlackElo "2413"]
[TimeControl "180+2"]
[EndTime "9:53:05 PST"]
[Termination "Game drawn by agreement"]

1. d4 Nf6 2. Bg5 Ne4 3. Bh4 c5 4. f3 Nf6 5. dxc5 Qa5+ 6. c3 Qxc5 7. e4 d6 8. Bd3 Nc6 9. Ne2 Ne5 10. Nd4 Nxd3+ 11.
Qxd3 Bd7 12. Nd2 a6 13. Qc4 Rc8 14. Qxc5 Rxc5 15. O-O h6 16. Rfd1 g5 17. Bf2 Rc7 18.
Nf1 Bg7 19. Ne3 O-O 20. Ndf5 Be6 21. Bg3 Rfc8 22. Nxg7 Kxg7 23. e5 dxe5 24. Bxe5 Rc5 25. Bd4 R5c6 26. b3 Kg6 27. c4 Rd6 28. Rd2 Rcd8 29.
Rad1 Nh5 30. g3 Ng7 31. Kf2 Nf5 32. Nxf5 Bxf5 33. c5 Rd5 34. b4 e5 35. Be3 Rxd2+ 36. Rxd2 Rxd2+ 37. Bxd2 e4 38. f4 gxf4 39. Bxf4 Be6 40.
a3 h5 41. Ke3 Kf5 42. Bc7 Bd7 43. h3 Bc6 44. Bf4 Bd5 45. Kd4 Bc6 46. Kc4 h4 47.
Kd4 hxg3 48. Bxg3 Ke6 49. h4 Kf5 50. Ke3 Kg4 51. Bc7 Kxh4 52. Bd6 Kg4 53. Bf8 f5 54.
Bh6 Kh5 55. Bf4 Kg6 56. Bh2 Kf6 57. Bf4 Ke6 58. Kd4 Ba4 59. Bh2 Bb5 60. Bg3 Bc6 61. Bh2 Bb5 62. Bf4 Be8 63. Bg3 Bb5 64. Bh2 e3 65. Kxe3 Kd5 66. Bc7 Kc4 67. Kf4 Bd7 68. Ba5 Kb3 69. Kg3 Kxa3 70. Kf4 Kb3 71. Kg3 1/2-1/2

[Event "*** Titled Tuesday Blitz"]
[Site "Chess.com"]
[Date "2020.02.04"]
[Round "4"]
[White "EugeneRougon"]
[Black "Andrei_Belozerov"]
[Result "0-1"]
[WhiteElo "2729"]
[BlackElo "2590"]
[TimeControl "180+2"]
[EndTime "9:53:09 PST"]
[Termination "Andrei_Belozerov won by resignation"]

1. e4 c5 2. Nf3 d6 3. d4 cxd4 4. Nxd4 Nf6 5. Nc3 a6 6. Be3 e5 7. Nf3 Be7 8. Bc4 O-O 9. O-O Be6 10. Bxe6 fxe6 11. Na4 Nbd7 12. Ng5 Qa5 13. Nc3 d5 14. Nxe6 d4 15. Nd5 Nxd5 16. Bd2 Bb4 17. Bxb4 Nxb4 18.
c3 Nc6 19. Nxf8 Rxf8 20. Qb3+ Rf7 21. Qxb7 Qb5 22. Qxb5 axb5 23. a4 b4 24. cxb4 Nxb4 25. Rfc1 g5 26. a5 Nb8 27. Rc5 N8c6 28. a6 Ra7 29.
Kf1 Kf7 30. Rb5 Ke6 31. Rb6 Kd6 32. Rc1 h5 33. Rc4 Kd7 34. Rcxb4 Nxb4 35. Rxb4 Rxa6 36.
Ke2 Ra1 37. Rb7+ Kc6 38. Rg7 Rb1 39. Rg6+ Kc5 40. Rxg5 Rxb2+ 41. Kd3 Rb3+ 42. Kc2 Rc3+ 43. Kd2 Ra3 44. Rxe5+ Kc4 45. Re8 Ra2+ 46. Kc1 Rxf2 47. e5 Rxg2 48. e6 Re2 49. e7 Kd3 50. h4 Re4 51.
Kb2 Ke3 52. Kc2 d3+ 53. Kb2 Ke2 54. Rh8 Rxe7 55. Rxh5 d2 56. Rd5 d1=Q 0-1

[Event "*** Titled Tuesday Blitz"]
[Site "Chess.com"]
[Date "2020.02.04"]
[Round "4"]
[White "guillembaches"]
[Black "MikeSailer"]
[Result "0-1"]
[WhiteElo "2329"]
[BlackElo "2091"]
[TimeControl "180+2"]
[EndTime "9:53:11 PST"]
[Termination "MikeSailer won on time"]

1. e4 d5 2. exd5 Qxd5 3. Nc3 Qd6 4. d4 Nf6 5. Nf3 c6 6. Ne5 Nbd7 7. Nc4 Qc7 8. a4 a5 9. g3 Nb6 10. Ne5 Nbd5 11.
Bd2 Bf5 12. Bg2 e6 13. O-O Bb4 14. Nxd5 Nxd5 15. c3 Bd6 16. Nc4 Be7 17. Re1 O-O 18.
Ne3 Nxe3 19. Bxe3 Rfd8 20. h4 h6 21. Qb3 Bd6 22. Rad1 Rab8 23. c4 Bb4 24. Bf4 Qd7 25. Rf1 Bd6 26. Be3 Qe7 27. c5 Bc7 28. Qc3 Qf6 29.
Rd2 Qg6 30. b4 axb4 31. Qxb4 Be4 32. Bxe4 Qxe4 33. Qb1 Qf3 34. Qd1 Qd5 35. Qe2 Ba5 36. Rb2 Bc3 37. Rb6 Bxd4 38. Bxd4 Qxd4 39. Rc1 Rd5 40.
Qc2 Rd7 41. a5 Ra8 42. Qa2 Ra7 43. a6 Rxa6 44. Rxa6 bxa6 45. Qxa6 Qb2 46. Rf1 Qb7 47.
Qc4 Rd5 48. Kg2 Qb2 49. Rc1 g6 50. Qf4 Kg7 51. Re1 Qd4 52. Re4 Qxc5 53. Qf3 Rf5 54. Qe2 Qd5 55. Kh2 h5 56. Re3 e5 57. Ra3 e4 58. Ra8 Qd4 59. Qa2 Rxf2+ 0-1

[Event "*** Titled Tuesday Blitz"]
[Site "Chess.com"]
[Date "2020.02.04"]
[Round "4"]
[White "ChristopherYoo"]
[Black "severomorskij"]
[Result "1/2-1/2"]
[WhiteElo "2615"]
[BlackElo "2843"]
[TimeControl "180+2"]
[EndTime "9:53:12 PST"]
[Termination "Game drawn by repetition"]

1. e4 c5 2. Nf3 Nc6 3. d4 cxd4 4. c3 d3 5. Bxd3 g6 6. O-O Bg7 7. Qe2 d6 8. Rd1 Qc7 9. Na3 a6 10. Nc4 Nf6 11. a4 O-O 12. a5 Bg4 13. h3 Bxf3 14. Qxf3 Nd7 15. Qe2 Nce5 16. Nxe5 Nxe5 17. Be3 Nxd3 18.
Qxd3 Rac8 19. Ra4 Kh8 20. Qd5 e6 21. Qd3 f5 22. exf5 gxf5 23. Bb6 Qc6 24. Rb4 d5 25. f4 Rf7 26. Bd4 Qc7 27. Re1 Re8 28. Rb6 Qxf4 29.
Rbxe6 Bxd4+ 30. Qxd4+ Qxd4+ 31. cxd4 Rxe6 32. Rxe6 Rc7 33. Re5 Rc2 34. Rxf5 Rxb2 35. Rxd5 Kg7 36. Rd7+ Kg6 37.
Kh2 h5 38. Kg3 Rb5 39. Kh4 Rxa5 40. Rxb7 Rb5 41. Ra7 Rb6 42. d5 Rd6 43. Rc7 Rxd5 44. Rc6+ Kg7 45. Rxa6 Rc5 46. Rd6 Rb5 47. Rc6 Ra5 48.
g3 Rb5 49. Rd6 Ra5 50. Rc6 Rb5 51. Re6 Ra5 52. Re4 Kg6 53. Rd4 Rb5 54. Rd6+ Kg7 55. g4 hxg4 56. hxg4 Rc5 57. g5 Rc1 58. Kh5 Rh1+ 59.
Kg4 Rg1+ 60. Kf5 Rf1+ 61. Kg4 Rg1+ 62. Kf5 Rf1+ 63. Kg4 Rg1+ 1/2-1/2

[Event "*** Titled Tuesday Blitz"]
[Site "Chess.com"]
[Date "2020.02.04"]
[Round "4"]
[White "W_Amadeus"]
[Black "WPWPWP-2015"]
[Result "1-0"]
[WhiteElo "2738"]
[BlackElo "2546"]
[TimeControl "180+2"]
[EndTime "9:53:12 PST"]
[Termination "W_Amadeus won by checkmate"]

1. e4 c5 2. Nf3 e6 3. d4 cxd4 4.
Nxd4 Nc6 5. Nc3 Qc7 6. Be3 a6 7. a3 Nf6 8. f4 Nxd4 9. Bxd4 Qxf4 10. g3 Qg4 11. Be2 Qg6 12. e5 Ne4 13. Nxe4 Qxe4 14.
O-O h5 15. Rf4 Qh7 16. Bd3 g6 17. Qf3 Bh6 18. Bc5 Bf8 19. Bxf8 Rxf8 20. Rf1 Qg7 21.
Rf6 d6 22. Bxg6 dxe5 23. Bxf7+ Ke7 24. Qe3 Qxf6 25. Qc5+ Kxf7 26. Rxf6+ Kxf6 27. Qxf8+ Kg6 28. Kf2 b5 29. Qg8+ Kf6 30. Qh8+ Ke7 31. Qxe5 Bd7 32. Qxh5 Rf8+ 33. Ke3 Rf5 34. Qh7+ Kd6 35. Qh8 Re5+ 36.
Kd2 Rd5+ 37. Kc1 e5 38. Qf6+ Be6 39. h4 e4 40. Qf4+ Re5 41. Kd2 e3+ 42. Ke1 e2 43. h5 Bc4 44. h6 Kd5 45. Qxe5+ Kxe5 46. h7 Ke4 47. h8=Q Kf3 48. Qe5 a5 49. Qf4+ Kg2 50. Qxc4 bxc4 51. g4 Kf3 52. g5 c3 53. bxc3 Ke4 54. g6 Kd5 55. g7 Kc5 56. Kxe2 Kb5 57. g8=Q Ka4 58. Qb3# 1-0

[Event "*** Titled Tuesday Blitz"]
[Site "Chess.com"]
[Date "2020.02.04"]
[Round "4"]
[White "Nathan_Filgueiras"]
[Black "cancrushyou"]
[Result "1/2-1/2"]
[WhiteElo "2280"]
[BlackElo "2493"]
[TimeControl "180+2"]
[EndTime "9:53:15 PST"]
[Termination "Game drawn by agreement"]

1. e4 c5 2. Nf3 e6 3. d4 cxd4 4. Nxd4 Nc6 5. Nc3 Qc7 6. Be3 a6 7. Be2 Nf6 8. O-O Be7 9. f4 d6 10. Qe1 O-O 11. Qg3 g6 12. Rae1 d5 13. exd5 exd5 14.
Bf3 Bb4 15. Nxc6 Qxc6 16. Bd4 Bf5 17. Qh4 Ne4 18. g4 Bc5 19. Bxc5 Qxc5+ 20. Kg2 Nxc3 21. gxf5 Ne4 22. f6 Qxc2+ 23. Re2 Qc6 24. Bxe4 dxe4 25.
Rc1 Qe6 26. Rc3 Rad8 27. Rh3 h5 28. Rg3 Rd6 29. Qxh5 Qxf6 30. Qh6 Re8 31. f5 Qxf5 32. Rh3 Qg4+ 33. Kf2 Qf5+ 34. Kg2 Qf6 35. Qh7+ Kf8 36. Qh8+ Qxh8 37. Rxh8+ Ke7 38. Rxe4+ Re6 39. Rxe6+ fxe6 40. Rh7+ Kd6 41. Rxb7 Rc8 42. Rb6+ Kd5 43. Rxa6 Rc2+ 44. Kg3 Rxb2 45. a4 Ke5 46. h4 Ra2 47. Kg4 Kf6 48. a5 Ra4+ 49. Kg3 Kf5 50. Ra8 Ra3+ 51. Kg2 Kg4 52.
Rg8 Ra2+ 53. Kf1 Kh5 54. Rh8+ Kg4 55. Rg8 Ra1+ 56. Ke2 Ra2+ 57. Kd3 Ra3+ 58. Kc4 Rxa5 59. Rxg6+ Kxh4 60. Rxe6 Ra4+ 1/2-1/2

[Event "*** Titled Tuesday Blitz"]
[Site "Chess.com"]
[Date "2020.02.04"]
[Round "4"]
[White "Eraschenkov"]
[Black "Genghis_K"]
[Result "0-1"]
[WhiteElo "2617"]
[BlackElo "2913"]
[TimeControl "180+2"]
[EndTime "9:53:19 PST"]
[Termination "Genghis_K won by resignation"]

1. e4 c5 2. Nf3 d6 3. c3 Nf6 4. h3 Nc6 5. Bd3 d5 6. e5 c4 7. Bc2 Nd7 8. Qe2 e6 9. O-O Qc7 10. Re1 Be7 11. b3 b5 12. d4 cxd3 13. Bxd3 b4 14.
c4 Nc5 15. cxd5 exd5 16. Bb5 O-O 17. Be3 a6 18. Bxc6 Qxc6 19. Nbd2 Qg6 20. Kh2 a5 21.
Nd4 Ba6 22. Qf3 Nd3 23. Nf5 Rfe8 24. Bd4 Nxe1 25. Rxe1 Bf8 26. Re3 Bc8 27. g4 Be6 28. Qf4 Rac8 29. Nf3 h6 30. N3h4 Qg5 31. Qxg5 hxg5 32.
Nf3 g6 33. Nd6 Bxd6 34. exd6 Red8 35. Be5 Rc2 36. Kg3 Rxa2 37. Nxg5 a4 38. bxa4 Ra3 39. Kf4 Rxa4 40. Nxe6 fxe6 41. Kg5 Ra3 42. Re1 Rf3 43. Rb1 b3 44. Kxg6 Rxh3 45. f4 d4 46. g5 Rf8 47.
d7 Rd8 48. Rc1 Rh7 49. Rb1 d3 50. Rxb3 d2 51. Rb1 Rhxd7 52. Rd1 Rc8 53. Kf6 Rc1 54. Rxd2 Rxd2 55. Kxe6 Rc6+ 56. Kf5 Kf7 57. Ke4 Re2+ 58. Kf5 Rc5 0-1

[Event "*** Titled Tuesday Blitz"]
[Site "Chess.com"]
[Date "2020.02.04"]
[Round "4"]
[White "evgenyermolaev"]
[Black "Me_ch_an"]
[Result "1/2-1/2"]
[WhiteElo "2520"]
[BlackElo "2350"]
[TimeControl "180+2"]
[EndTime "9:53:19 PST"]
[Termination "Game drawn by repetition"]

1. e4 c5 2. Nf3 Nc6 3. Bb5 Qc7 4. O-O e6 5. Nc3 a6 6. Bxc6 Qxc6 7. d4 cxd4 8. Nxd4 Qc7 9. Be3 b5 10. Qd3 Bb7 11. Rae1 Nf6 12. f4 d6 13. e5 dxe5 14. fxe5 Qxe5 15. Bf4 Qc5 16. Kh1 Be7 17. Be5 O-O 18.
Qg3 Kh8 19. Qh4 Nd7 20. Bxg7+ Kxg7 21. Nf5+ Qxf5 22. Qxe7 Qg6 23. Rf2 Rad8 24. Re3 Kh8 25. Rg3 Qh6 26. Rf1 Bc6 27. Qd6 Rc8 28. Qd4+ f6 29.
Qd6 Rg8 30. Rxg8+ Kxg8 31. Qxe6+ Kh8 32. Ne4 Bxe4 33. Qxe4 Ne5 34. c3 Rg8 35. Qf5 Ng4 36. h3 Rg5 37. Qc8+ Rg8 38. Qf5 Ne3 39. Qxf6+ Qxf6 40. Rxf6 Rd8 41. Rxa6 Rd1+ 42. Kh2 Rd2 43. Re6 Nxg2 44.
Rb6 Rxb2 45. a4 Nf4+ 46. Kg3 Ne2+ 47. Kf3 Nxc3 48. a5 Nd5 49. Rb7 b4 50. a6 Ra2 51.
a7 Nb6 52. Rxb6 Rxa7 53. Rxb4 Rf7+ 54. Kg4 Kg7 55. h4 Rd7 56. Rb6 h6 57. Kh5 Rd5+ 58. Kg4 Rd4+ 59. Kh5 Rd5+ 60. Kg4 Rd4+ 61. Kh5 Rd5+ 1/2-1/2

[Event "*** Titled Tuesday Blitz"]
[Site "Chess.com"]
[Date "2020.02.04"]
[Round "4"]
[White "AtabayevSaparmyrat"]
[Black "kleinebeer98"]
[Result "1-0"]
[WhiteElo "2798"]
[BlackElo "2684"]
[TimeControl "180+2"]
[EndTime "9:53:23 PST"]
[Termination "AtabayevSaparmyrat won by resignation"]

1. d4 d5 2. c4 Nc6 3. Nf3 Bg4 4. e3 Nf6 5. Nc3 e6 6. h3 Bh5 7. cxd5 exd5 8. Bb5 Bd6 9. g4 Bg6 10. Ne5 O-O 11.
Nxg6 fxg6 12. Bd2 a6 13. Bd3 Nb4 14. Qe2 c5 15. a3 Nxd3+ 16. Qxd3 cxd4 17. Qxd4 Kh8 18.
O-O-O b5 19. Kb1 Rb8 20. Nxd5 Nxd5 21. Qxd5 Qe7 22. Bc3 b4 23. axb4 Bxb4 24. Qe5 Qb7 25. Bxb4 Qxb4 26. Rd7 Rg8 27. Rhd1 a5 28. Qd4 Qb5 29.
Rd5 Qa6 30. Qd3 Qb7 31. Rd2 a4 32. Ka2 h6 33. Rd7 Qb4 34. Rd4 Qa5 35. Qa3 Kh7 36. Rc2 Qa6 37. Rcc4 Qe6 38. Re4 Qd5 39. Rd4 Qf3 40.
Rf4 Qxh3 41. Rxa4 Qh1 42. Rfd4 Rgf8 43. f4 Qg2 44. g5 h5 45. Rd7 Rg8 46. Raa7 h4 47.
Qc3 Kh8 48. Rxg7 Qd5+ 49. b3 Qg2+ 50. Ka3 Rxb3+ 51. Kxb3 Qd5+ 52. Ka3 Qd6+ 53. Kb2 Qb6+ 54. Kc1 Qxe3+ 55. Qxe3 1-0

[Event "*** Titled Tuesday Blitz"]
[Site "Chess.com"]
[Date "2020.02.04"]
[Round "4"]
[White "artooon"]
[Black "Witik"]
[Result "0-1"]
[WhiteElo "2799"]
[BlackElo "2602"]
[TimeControl "180+2"]
[EndTime "9:53:28 PST"]
[Termination "Witik won by resignation"]

1. e4 c6 2. d4 d5 3. e5 Bf5 4. Nf3 e6 5. Be2 Nd7 6. c3 Bg6 7. a4 Nh6 8. a5 Nf5 9. b4 Be7 10. O-O O-O 11. Ne1 f6 12. f4 fxe5 13. fxe5 c5 14. bxc5 Nxc5 15. dxc5 Bxc5+ 16. Kh1 Qh4 17. Rf3 Bh5 18. Ra4 Ng3+ 19. Rxg3 Bxe2 20. Nf3 Qxg3 21. Qxe2 Qg6 22. Na3 Rac8 23. Nc2 h6 24. Bb2 Kh7 25. Nce1 Rf5 26. Nh4 Qh5 27. Qxh5 Rxh5 28. Nhf3 Rf5 29. Nd3 Be7 30. Kg1 Rc4 31. Rxc4 dxc4 32. Nf2 Bc5 33. Kf1 g5 34. h3 h5 35. Ne4 Be7 36. Ng3 Rf8 37.
Nxh5 Rd8 38. Ng3 Rd5 39. Ne4 Kg6 40. Ned2 Rxa5 41. Nxc4 Ra2 42. Bc1 Ra1 43. Ke2 Rxc1 44. Nd4 Rxc3 45. Nd2 Kf7 46. Ne4 Ra3 47. Nb5 Ra2+ 48.
Kf3 a5 49. Ned6+ Bxd6 50. exd6 Ke8 51. Kg4 Kd7 52. Kxg5 Rxg2+ 53. Kf6 a4 54. h4 Rb2 55. Na3 Rf2+ 56. Kg6 Kxd6 57. h5 Kc5 58. h6 Rg2+ 59.
Kf7 Rh2 60. Kg7 b5 61. h7 Rxh7+ 62. Kxh7 b4 63. Nb1 a3 64. Nd2 Kd4 65. Nb3+ Kc3 66.
Nc5 a2 67. Ne4+ Kc2 0-1

[Event "*** Titled Tuesday Blitz"]
[Site "Chess.com"]
[Date "2020.02.04"]
[Round "4"]
[White "doons21"]
[Black "OhanyanEminChess"]
[Result "0-1"]
[WhiteElo "2648"]
[BlackElo "2469"]
[TimeControl "180+2"]
[EndTime "9:53:30 PST"]
[Termination "OhanyanEminChess won on time"]

1. e4 e5 2. Nf3 Nc6 3. Nc3 Nf6 4. g3 d5 5. exd5 Nxd5 6. Bg2 Nxc3 7. bxc3 Bd6 8. O-O O-O 9. Re1 Bg4 10. Rb1 Rb8 11. h3 Bh5 12. d3 Qd7 13. g4 Bg6 14. Ng5 h6 15. Ne4 Ne7 16. Be3 Nd5 17. Bd2 Nf4 18. Bxf4 exf4 19. Nxd6 Qxd6 20. Be4 Qa3 21. Rb3 Qxa2 22.
Bxb7 c6 23. Bxc6 Rxb3 24. cxb3 Rc8 25. Re8+ Rxe8 26. Bxe8 Qb2 27. Bb5 Qxc3 28. Bc4 Qd4 29. Qf3 Kh7 30. h4 h5 31. gxh5 Bf5 32. Bxf7 Bxd3 33.
Qg4 Qa1+ 34. Kh2 Qf6 35. Bd5 Kh6 36. Bf3 Bh7 37. Kg2 Qf5 38. Qxf5 Bxf5 39. Kf1 Be6 40. Ke2 Bxb3 41. Be4 Kxh5 42. Kf3 Kxh4 43. Kxf4 Be6 44. Ke5 Bh3 45. f4 Bg4 46. Bc2 Bh3 47. f5 Kg5 48. Bd3 a5 49. Bc2 Bg4 50. Ke6 Bh5 51.
Ke5 Bf7 52. Kd4 Kf4 53. Kc5 Be8 54. Kd6 a4 55. Ke7 a3 56. Bb3 Kxf5 57. Kxe8 g5 0-1